Workbook

Sheet заходи
A1: Додаток 2 до листа
A2: 2. МЕТА, ЗАВДАННЯ ТА ЗАХОДИ ЕКОНОМІЧНОГО І СОЦІАЛЬНОГО РОЗВИТКУ У 2025 РОЦІ
A3: № і назва завдання Стратегії розвитку Донецької області на період до 2027 року | B3: № з/п | C3: Зміст заходу | D3: Термін виконан- ня | E3: Виконавець | F3: Витрати на реалізацію, тис.грн | R3: Очікуваний результат
F4: Всього | H4: у тому числі за рахунок коштів:
H5: Держав- ного бюджету | J5: місцевих бюджетів | N5: підпри- ємств | P5: інших джерел | R5: найменування показника | S5: значення показника
J6: обласного бюджету | L6: районного бюджету, бюджету територіальної громади
F7: ПЛАН | G7: ФАКТ | H7: ПЛАН | I7: ФАКТ | J7: ПЛАН | K7: ФАКТ | L7: ПЛАН | M7: ФАКТ | N7: ПЛАН | O7: ФАКТ | P7: ПЛАН | Q7: ФАКТ
A8: 1 | B8: 2 | C8: 3 | D8: 4 | E8: 5 | F8: 6 | G8: 7 | H8: 8 | I8: 9 | J8: 10 | K8: 11 | L8: 12 | M8: 13 | N8: 14 | O8: 15 | P8: 16 | Q8: 17 | R8: 12 | S8: 13
A9: Стратегічна ціль 1. Оновлена, конкурентоспроможна економіка
A10: 2.1. Агропромисловий комплекс
A11: Розвиток малого та середнього підприємництва, як драйверу структурних перетворень | B11: 1 | C11: Відзначення суб'єктів в сфері агропромислового виробництва з нагоди Дня працівників сільського господарства | D11: Протягом року | E11: Святогірська міська військова адміністрація | F11: 0 | H11: 0 | J11: 0 | L11: 0 | N11: 0 | P11: 0 | R11: кількість, суб’єктів | S11: 20
B12: 2 | C12: Організція та проведення заходів із сприяння розвитку земельної реформи | D12: Протягом року | E12: Святогірська міська військова адміністрація | F12: 0 | H12: 0 | J12: 0 | L12: 0 | N12: 0 | P12: 0 | R12: Кількість заходів (од). Кількість поліграфічної продукції (од). | S12: 20
B13: 3 | C13: Стимулювання сільського населення до розвитку підприємницької діяльності шляхом проведення інформаційно-роз'яснювальної і консультативної роботи (друкована продукція, тренінги, індивідуальні послуги,семінари,конференції, наради) | D13: Протягом року | E13: Святогірська міська військова адміністрація | F13: 0 | H13: 0 | J13: 0 | L13: 0 | N13: 0 | P13: 0 | R13: Кількість заходів (од). Кількість слухачів (од). Кількість буклетів (шт). | S13: 20
C14: Всього | F14: =SUM(F11:F13) -> 0 | H14: =SUM(H11:H13) -> 0 | J14: =SUM(J11:J13) -> 0 | L14: =SUM(L11:L13) -> 0 | N14: =SUM(N11:N13) -> 0 | P14: =SUM(P11:P13) -> 0
A15: 2.2 Розвиток земельних відносин
A16: Розвиток системи просторового планування з використанням електронних ресурсів | B16: 1 | C16: Проведення заходів з інвентаризації земель комунальної власності Святогірської міської територіальної громади | D16: Протягом року | E16: Святогірська міська рада | F16: 100 | G16: 20 | H16: 0 | J16: 0 | L16: 100 | M16: 20 | N16: 0 | P16: 0 | R16: Площа (га) | S16: 3379,0 га
B17: 2 | C17: Розробка документації с земелеустрою для передачі земельних ділянок у власність або користування | D17: Протягом року | E17: Святогірська міська рада | F17: 100 | G17: 60 | H17: 0 | J17: 0 | L17: 0 | N17: 0 | P17: 100 | Q17: 60 | R17: Кількість земельних ділянок, одиниць Площа, га | S17: проект землеустрою, технічна документація -10 шт
C18: Всього | F18: =SUM(F16:F17) -> 200 | G18: =SUM(G16:G17) -> 80 | H18: =SUM(H16:H17) -> 0 | J18: =SUM(J16:J17) -> 0 | L18: =SUM(L16:L17) -> 100 | M18: 20 | N18: =SUM(N16:N17) -> 0 | P18: =SUM(P16:P17) -> 100 | Q18: =SUM(Q16:Q17) -> 60
A19: 2.3. Інвестиційна діяльність та розвиток інфраструктури
B20: 1 | C20: Інформаційно-консультаційна підтримка суб'єктів господарюваня, громадських організацій | D20: Протягом року | E20: Святогірська міська рада | F20: 0 | H20: 0 | J20: 0 | L20: 0 | N20: 0 | P20: 0 | R20: Публікації, статті, індивідуальні консультації, од. | S20: 50
A21: Формування позитивного іміджу регіону | B21: 2 | C21: Спрощення доступу для потенційних інвесторів до інформації про інвестиційні можливості громади шляхом оновлення та розповсюдження Інвестиційного паспорту міста, Каталогу інвестиційних пропозицій | D21: Протягом року | E21: Святогірська міська рада | F21: 0 | H21: 0 | J21: 0 | L21: 0 | N21: 0 | P21: 0 | R21: Розміщено на міських, обласних, державних он-лайн платформах, од. | S21: 10
A22: Розвиток та ефективне використання науково-інноваційного потенціалу | B22: 3 | C22: Участь у навчальних Заходах (навчальні поїздки, тренінги) та Заходах з обміну досвідом (співпраця з іншими громадами, громадськістю) працівників виконавчих органів ради, громадських організацій, представників бізнесу з метою впровадження ефективних економічних стратегій та підвищення інвестиційного іміджу громади | D22: Протягом року | E22: Святогірська міська військова адміністрація, Святогірська міська рада, представники комунальних підприємств міста, представники підприємств експортерів, малого та середнього бізнесу | F22: 0 | H22: 0 | J22: 0 | L22: 0 | N22: 0 | P22: 0 | R22: Участь у тренінгах, засіданнях, конференціях, од. | S22: 30
B23: 4 | C23: Забезпечення зберігання документів соціально правового порядку, що належить до КП Краматорської районної ради "Трудовий архів" | D23: Протягом року | E23: Святогірська міська рада | F23: 69.1 | G23: 60.4 | H23: 0 | J23: 0 | L23: 69.1 | M23: 60.4 | N23: 0 | P23: 0 | R23: Забезпечення зберіганню архівних документів | S23: 1008 справ
B24: 5 | C24: Судові витрати | D24: Протягом року | E24: Святогірська міська рада | F24: 20 | G24: 0.6 | H24: 0 | J24: 0 | L24: 20 | M24: 0.6 | N24: 0 | P24: 0 | R24: забезпечення витрат
A25: Інші завдання: Фінансове забезпечення виконання заходу № 3 Розділу 2.21.Розвиток району та територіальних громад району пов'язаних з виконанням постанов КМУ від 25 квітня 2023 року № 391 "Деякі питання оплати праці працівників державних органів та органів місцевого самоврядування під час воєнного стану" та від 9 листопада 2016р. №787 "Про видатки на оплату праці працівників місцевих державних адміністрації" (зі змінами). (Кошти дотації з бюджетів територіальних громад Краматорського району в районний бюджет. Головний розпорядник коштів - фінансове управління Краматорськлої районної державної адміністрації, районної військової адміністрації.) | B25: 6 | C25: Забезпечення реалізації виконання Постанов КМУ від 25 квітня 2023 року № 391"Деякі питання оплати праці працівників державних органів та органів місцевого самоврядування під час воєнного стану" та від 9 листопада 2016 р. №787 "Про видатки на оплату праці працівників місцевих державних адміністрації" (зі змінами) Краматорською районною державною адміністрацією, районною військовою адміністрацією та її структурними підрозділами. | D25: Протягом року | E25: Святогірська міська рада | F25: 200 | G25: 200 | H25: 0 | J25: 0 | L25: 200 | M25: 200 | N25: 0 | P25: 0 | R25: Забезпечення покращення фінансової бази апарату та структурних підрозділів районної державної адміністрації для виконання делегованих законами України повноважень органів місцевого амоврядування щодо забезпечення державної політики в бюджетній і соціальній сфері та реалізації заходів соціально-економічного розвитку району; забезпечення належних умов для виконання службових обов’язків
C26: Всього | F26: =SUM(F20:F25) -> 289.1 | G26: =SUM(G20:G25) -> 261 | H26: =SUM(H20:H25) -> 0 | I26: =SUM(I20:I25) -> 0 | J26: =SUM(J20:J25) -> 0 | K26: =SUM(K20:K25) -> 0 | L26: =SUM(L20:L25) -> 289.1 | M26: =SUM(M20:M25) -> 261 | ... Q26: =SUM(Q20:Q25) -> 0
A27: 2.4. Розвиток інформаційного простору. Забезпечення доступу до неупереджених джерел інформації
A28: Впровадження інформаційних технологій у сфері надання послуг населенню | B28: 1 | C28: Висвітлення напрямків роботи Святогірської військової адміністрації та органів місцевого самоврядування через соціальні мережі Інтернет та засоби масової інформації | D28: Протягом року | E28: Сектор інформаційної діяльності, комунікацій з громадськістю та з питань реінтеграції тимчасово неконтрольованих територій | F28: 0 | H28: 0 | J28: 0 | L28: 0 | N28: 0 | P28: 0 | R28: Обізнаність та проінформованість громадян міста щодо діяльності Святогірської міської ради, осіб | S28: Близько 15000
A29: Інші завдання: Забезпечення обізнаності населення щодо переваг євроінтеграції | B29: 2 | C29: Проведення брифінгів, круглих столів, інформаційних заходів з актуальних й поточних питань | D29: Протягом року | E29: Сектор інформаційної діяльності, комунікацій з громадськістю та з питань реінтеграції тимчасово неконтрольованих територій | F29: 0 | H29: 0 | J29: 0 | L29: 0 | N29: 0 | P29: 0 | R29: Інформаційні заходи, од. | S29: 2
B30: 3 | C30: Виготовлення відеороликів для розміщення в соціальних мережах інтернет, інформаційне наповнення сторінок СМВА у соціальних мережах щодо воєнної, соціальної-політичної, соціально-економічної, культурної ситуації у громаді, області та державі в цілому | D30: Протягом року | E30: Сектор інформаційної діяльності, комунікацій з громадськістю та з питань реінтеграції тимчасово неконтрольованих територій | F30: 0 | H30: 0 | J30: 0 | L30: 0 | N30: 0 | P30: 0 | R30: Кількість виготовлених відеороліків, од. | S30: 90
B31: 4 | C31: Співпраця із засобами масової інформації різних форм власності, забезпечення комунікативної політики СМВА та громадськості | D31: Протягом року | E31: Сектор інформаційної діяльності, комунікацій з громадськістю та з питань реінтеграції тимчасово неконтрольованих територій | F31: 0 | H31: 0 | J31: 0 | L31: 0 | N31: 0 | P31: 0 | R31: Кількість заходів
B32: 5 | C32: Модернізація та покращення роботи офіційного сайту громади, посилення кіберзахисту, додавання нових функцій | D32: Протягом року | E32: Святогірська міська рада | F32: 10 | H32: 0 | J32: 0 | L32: 10 | N32: 0 | P32: 0 | R32: захист та покращення роботи офіційного сайту Святогірської міської ради, од. | S32: 1
C33: Всього | F33: =SUM(F28:F32) -> 10 | H33: =SUM(H28:H32) -> 0 | J33: =SUM(J28:J32) -> 0 | L33: =SUM(L28:L32) -> 10 | N33: =SUM(N28:N32) -> 0 | P33: =SUM(P28:P32) -> 0
A34: 2.5. Ринок праці. Зайнятість населення
A35: Зменшення диспропорцій між попитом та пропозицією робочої сили | B35: 1 | C35: Сприяння повній і продуктивній зайнятості та гідній праці для всіх жінок і чоловіків, осіб з інвалідністю | D35: Протягом року | E35: Міський центр зайнятості | F35: =SUM(H35:P35) -> 0 | H35: 0 | J35: 0 | L35: 0 | N35: 0 | P35: 0 | R35: Працевлаштування за сприянням служби зайнятості | S35: 65
B36: 2 | C36: Здійснення компенсації роботодавцю єдиного внеску за працевлаштованих безробітних на нові робочі місця* | D36: Протягом року | E36: Міський центр зайнятості | F36: =SUM(H36:P36) -> 0 | H36: 0 | J36: 0 | L36: 0 | N36: 0 | P36: 0 | R36: Працевлаштовано з компенсацією роботодавцю єдиного внеску | S36: 2
B37: 3 | C37: Стимулювання розвитку ініціатив мікробізнесу та самозайнятості безробітних шляхом надання одноразової виплати допомоги по безробіттю* | D37: Протягом року | E37: Міський центр зайнятості | F37: =SUM(H37:P37) -> 0 | H37: 0 | J37: 0 | L37: 0 | N37: 0 | P37: 0 | R37: Кількість безробітних, які отримали одноразову виплату допомоги по безробіттю для зайняття підприємницькою діяльністю | S37: 0
B38: 4 | C38: Діяльність Консалтингового простору "Перспектива" у центрі зайнятості. Системна інформаційно-консультаційна робота з активізації та підтримки підприємницької ініціативи шляхом проведення тренінгів, семінарів, круглих столів та інших тематичних заходів щодо можливості організації та розширення власної справи | D38: Протягом року | E38: Міський центр зайнятості | F38: =SUM(H38:P38) -> 0 | H38: 0 | J38: 0 | L38: 0 | N38: 0 | P38: 0 | R38: Засідання Консалтингового простору "Перспектива", проведення тренінгів, семінарів, круглих столів та інших тематичних заходів щодо можливості організації та розширення власної справи | S38: 50
B39: 5 | C39: Залучення незайнятих громадян до участі в громадських роботах та інших роботах тимчасового характеру* | D39: Протягом року | E39: Міський центр зайнятості, місцеві бюджети, роботодавці | F39: =SUM(H39:P39) -> 0 | H39: 0 | J39: 0 | L39: 0 | N39: 0 | P39: 0 | R39: Тимчасова зайнятість безробітних осіб з числа тих, які будуть перебувати на обліку в міському центрі зайнятості | S39: 20
B40: 6 | C40: Сприяння конкурентоспроможності осіб на ринку праці шляхом надання комплексу профорієнтаційних послуг з використанням інноваційних форм роботи | D40: Протягом року | E40: Міський центр зайнятості | F40: =SUM(H40:P40) -> 0 | H40: 0 | J40: 0 | L40: 0 | N40: 0 | P40: 0 | R40: Охоплено профорієнтаційними послугами | S40: 250
B41: 7 | C41: Здійснення професійної підготовки та покращення професійних навичок безробітних жінок та чоловіків (зокрема, з числа внутрішньо переміщених осіб) | D41: Протягом року | E41: Міський центр зайнятості | F41: =SUM(H41:P41) -> 0 | H41: 0 | J41: 0 | L41: 0 | N41: 0 | P41: 0 | R41: Охоплено профнавчанням/ в т.ч. безробітних з категорії ВПО | S41: 20
B42: 8 | C42: Сприяння розвитку ефективної системи перекваліфікації та навчання протягом життя, особливо серед людей старше 45 років* | D42: Протягом року | E42: Міський центр зайнятості, ДНЗ "Донецький ЦПТО ДСЗ", учбові заклади, підприємства | F42: =SUM(H42:P42) -> 0 | H42: 0 | J42: 0 | L42: 0 | N42: 0 | P42: 0 | R42: Надано ваучери населенню | S42: 2
B43: 9 | C43: Сприяння реалізації пункту 5 статі 35 Закону України "Про зайнятість населення" щодо підтвердження професійної кваліфікації за результатами неформального професійного навчання за робітничими професіями | D43: Протягом року | E43: Міський центр зайнятості, учбові заклади | F43: =SUM(H43:P43) -> 0 | H43: 0 | J43: 0 | L43: 0 | N43: 0 | P43: 0 | R43: Підтвердили прфесійну кваліфікації за результатаим неформального професійного навчання за робітничими професіями | S43: 0
B44: 10 | C44: Здійснення компенсації роботодавцям витрат на оплату праці за працевлаштованих безробітних з числа ВПО на умовах строкових трудових договорів* | D44: Протягом року | E44: Міський центр зайнятості, учбові заклади | F44: =SUM(H44:P44) -> 0 | H44: 0 | J44: 0 | L44: 0 | N44: 0 | P44: 0 | R44: Працевлаштова- но на умовах строкових трудових договорів з компенсацію витрат роботодавця на оплату праці таких осіб | S44: 1
B45: 11 | C45: Здійснення компенсації витрат роботодавця, який працевлаштовує за направленням центру зайнятості зареєстрованого безробітного з числа ВПО строком не менш як на дванадцять календарних місяців на навчання* | D45: Протягом року | E45: Міський центр зайнятості | F45: =SUM(H45:P45) -> 0 | H45: 0 | J45: 0 | L45: 0 | N45: 0 | P45: 0 | R45: Працевлаштування безробітних громадян з числа ВПО з компенсацією витрат роботодавця на навчання | S45: 0
B46: 12 | C46: Здійснення компенсації у разі працевлаштування зареєстрованого безробітного з числа ВПО до роботодавця, розташованого не за місцем реєстрації безробітного в центрі зайнятості та не за місцем реєстрації його проживання чи перебування, такій особі за рахунок коштів Фонду одноразово фактичні транспортні витрати на переїзд до іншої адміністративно-територіальної одиниці місця працевлаштування* | D46: Протягом року | E46: Міський центр зайнятості | F46: =SUM(H46:P46) -> 0 | H46: 0 | J46: 0 | L46: 0 | N46: 0 | P46: 0 | R46: Зареєстровані безробітні з числа ВПО, яким здійснюється компенсація при працевлаштуванні до роботодавця, розташованого не за місцем реєстрації безробітного в центрі зайнятості та не за місцем реєстрації його проживання чи перебування | S46: 0
B47: 13 | C47: Надання компенсації витрат зареєстрованим безробітним з числа ВПО для проходження попереднього медичного та наркологічного огляду відповідно до законодавства, якщо це необхідно для працевлаштування* | D47: Протягом року | E47: Міський центр зайнятості | F47: =SUM(H47:P47) -> 0 | H47: 0 | J47: 0 | L47: 0 | N47: 0 | P47: 0 | R47: Надано компенсацію витрат для проходження попереднього медичного та наркологічного огляду | S47: 0
C48: Всього | F48: 0 | H48: 0 | J48: 0 | L48: 0 | N48: 0 | P48: 0
A49: * в межах фінансування Фонду ЗДССУВБ згідно Постанови від 18 квітня 2023 р. № 338 "Деякі питання надання роботодавцям компенсації єдиного внеску на загальнообов’язкове державне соціальне страхування за працевлаштування на нові робочі місця"
A50: 2.6. Дорожньо-транспортний комплекс
A51: 1.3.1. Підвищення активності та доступності транспортно-логістичних послуг з урахуванням внутрішніх та міжрегіональних зв'язків. екологічного стану | B51: 1 | C51: Експлуатаційне утримання доріг комунальної власності Святогірської міської територіальної громади (м. Святогірськ: вул. Соборна, вул. Шевченка, вул. Незалежності, вул. Мазепи Івана, вул. Камишева; с. Маяки: вул. Шкільна, вул. Незалежності; с. Сидорове: вул.Садова, с.Хрестище: вул.Ясна, вул.Соборна, с.Микільське: вул. Миру; с.Адамівка вул.Польова) | D51: Протягом року | E51: Відділ комунальної власності, житлово-комунального господарства, будівництва, транспорту та благоустрою Святогірської міської ради Краматорського району Донецької області, КП СМР "Сервіскомунбуд" | F51: 2000 | G51: 1830.832 | H51: 0 | J51: 0 | L51: 2000 | M51: 1830.832 | N51: 0 | P51: 0 | R51: реконструкція і ремонт дорожньої і пішохідно-тротуарної мережі | S51: 1360 м2
B52: 2 | C52: Поточний ремонт автомобільних доріг комунальної власності та території Святогірської міської територіальної громади, які є складовими транспортно-логістичної системи в умовах воєнного стану | D52: Протягом року | E52: Відділ комунальної власності, житлово-комунального господарства, будівництва, транспорту та благоустрою Святогірської міської ради Краматорського району Донецької області, КП СМР "Сервіскомунбуд" | F52: 11200 | G52: 5106.265 | J52: 11200 | M52: 5106.265 | R52: Поточний ремонт автомобільних доріг
C53: Всього | F53: =F51+F52 -> 13200 | G53: =G51+G52 -> 6937.097 | H53: =H51+H52 -> 0 | I53: =I51+I52 -> 0 | J53: =J51+J52 -> 11200 | K53: =K51+K52 -> 0 | L53: =L51+L52 -> 2000 | M53: =M51+M52 -> 6937.097 | ... Q53: =Q51+Q52 -> 0
A54: Стратегічна ціль 2. Якість життя та людський розвиток
A55: 2.7. Освіта
A56: 2.1.1. Підвищення якості та доступності дошкільної та загальної середньої освіти | B56: 1 | C56: Проведення експертної оцінки пошкоджень закладів освіти | D56: Протягом року | E56: Відділ освіти Святогірської міської ради | F56: 350 | G56: 345.014 | H56: 0 | J56: 0 | L56: 350 | M56: 345.014 | N56: 0 | P56: 0 | R56: Проведення експертної оцінки закладів освіти | S56: 9 закладів освтіи
B57: 2 | C57: Придбання, зберігання, доставка підручників, посібників | D57: Протягом року | E57: Відділ освіти Святогірської міської ради | F57: 35 | G57: 3.363 | H57: 0 | J57: 0 | L57: 35 | M57: 3.363 | N57: 0 | P57: 0 | R57: Придбання та доставка підручників для закладів освіти | S57: 3 ЗЗСО
B58: 3 | C58: Забезпечення інклюзивного навчання осіб з особливими освітніми потребами в закладах освіти | D58: Протягом року | E58: Відділ освіти Святогірської міської ради | F58: 10 | H58: 0 | J58: 0 | L58: 10 | N58: 0 | P58: 0 | R58: Забезпечення інклюзивного навчання осіб з особливими освітніми потребами в закладах освіти | S58: 4 особи з особливими освітніми потребами, 4 інклюзивних класи, 1 ЗЗСО
B59: 4 | C59: Підвезення дітей, які потребують соціальної реабілітації до переміщеного "Санаторно-оздоровчого центру соціальної реабілітації "Смарагдове місто" ( Хмельницька обл. Кам’янець-Подільський район с. Оринин ) | D59: Протягом року | E59: Відділ освіти Святогірської міської ради | F59: 70 | G59: 24.2 | H59: 0 | J59: 0 | L59: 70 | M59: 24.2 | N59: 0 | P59: 0 | R59: Оздоровлення учнів 5 ЗЗСО | S59: 50 учнів ЗЗСО
B60: 5 | C60: Матеріальне заохочення педагогічних працівників | D60: Протягом року | E60: Відділ освіти Святогірської міської ради | F60: 1000 | G60: 908.65 | H60: 0 | J60: 0 | L60: 1000 | M60: 908.65 | N60: 0 | P60: 0 | R60: Надання матеріальної допомоги педпрацівникам | S60: 3 ЗЗСО, 2 ЗДО
B61: 6 | C61: Проходження педагогічними працівниками медоглядів | D61: Протягом року | E61: Відділ освіти Святогірської міської ради | F61: 60 | H61: 0 | J61: 0 | L61: 60 | N61: 0 | P61: 0 | R61: Проходження медогляду працівниками закладів освіти | S61: 11 закладів освіти
B62: 7 | C62: Забезпечення підвищення кваліфікації педагогічних працівників | D62: Протягом року | E62: Відділ освіти Святогірської міської ради | F62: 14 | G62: 17.02 | H62: 0 | J62: 0 | L62: 14 | M62: 17.02 | N62: 0 | P62: 0 | R62: Підвищення кваліфікації 26 курсів для 23 педагогів педпрацівникам | S62: 3 ЗЗСО та 2 ЗДО
A63: 2.1.3. Створення умов для самореалізації дітей та молоді | B63: 8 | C63: Організація та проведення І етапу та участь у ІІ етапі Всеукраїнської дитячо-юнацької військово-патріотичної гри "Сокіл" ("Джура") | D63: Протягом року | E63: Відділ освіти Святогірської міської ради | F63: 10 | H63: 0 | J63: 0 | L63: 10 | N63: 0 | P63: 0 | R63: Проведення І етапу та участь у ІІ етапі Всеукраїнської дитячо-юнацької військово-патріотичної гри "Сокіл" ("Джура") | S63: 3 ЗЗСО
B64: 9 | C64: Проведення заходів з національно-патріотичного виховання дітей та молоді | D64: Протягом року | E64: Відділ освіти Святогірської міської ради | F64: 10 | H64: 0 | J64: 0 | L64: 10 | N64: 0 | P64: 0 | R64: Проведення 5 заходів із залученням 350 учнів | S64: 3 ЗЗСО, 2 ЗДО
B65: 10 | C65: Стимулювання обдарованої молоді | D65: Протягом року | E65: Відділ освіти Святогірської міської ради | F65: 45 | H65: 0 | J65: 0 | L65: 45 | N65: 0 | P65: 0 | R65: Надання стипендій обдарованим дітям | S65: 3 ЗЗСО
A66: Інші завдання: Захист населення і території від надзвичайних ситуацій | B66: 11 | C66: Виконання робіт з забезпечення пожежної та техногенної безпеки у комунальному закладі «Хрестищенський заклад загальної середньої освіти І – ІІІ ступенів Святогірської міської ради Краматорського району Донецької області" | D66: Протягом року | E66: Відділ освіти Святогірської міської ради | F66: 100 | G66: 37.053 | H66: 0 | J66: 0 | L66: 100 | M66: 37.053 | N66: 0 | P66: 0 | R66: Придбання засобів протипожежної безпеки, відновлення протипожежної сигналізації тощо | S66: 1 ЗЗСО
B67: 12 | C67: Придбання та встановлення модульного укриття ШСС заглиблене на 30 осіб ( 2 входи ) – 2 класу захисту в Комунальному закладі "Маяківський заклад дошкільної освіти (ясла-садок) "Веселка" Святогірської міської ради Краматорського району Донецької області» | D67: Протягом року | E67: Відділ освіти Святогірської міської ради | F67: 1300 | H67: 0 | J67: 0 | L67: 1300 | N67: 0 | P67: 0 | R67: захисна споруда цивільного захисту | S67: 1 ЗДО
C68: Всього | F68: =SUM(F56:F67) -> 3004 | G68: =SUM(G56:G67) -> 1335.3 | H68: =SUM(H56:H67) -> 0 | I68: =SUM(I56:I67) -> 0 | J68: =SUM(J56:J67) -> 0 | K68: =SUM(K56:K67) -> 0 | L68: =SUM(L56:L67) -> 3004 | M68: =SUM(M56:M67) -> 1335.3 | ... Q68: =SUM(Q56:Q67) -> 0
A69: 2.8. Підтримка сім'ї, дітей та молоді
A70: Інші завдання: Сімейна політика | B70: 1 | C70: Проведення заходів до сімейних свят (День Матері, День Батька, День Сім’ї, День захисту дітей, заходи для молоді та дітей з особливими потребами) | D70: Протягом року | E70: Відділ сім’ї, молоді, медицини, спорту та заходів національно- патріотичного виховання Святогірської міської ради | F70: 2 | H70: 0 | J70: 0 | L70: 2 | N70: 0 | P70: 0 | R70: Кількість учасників | S70: 500
B71: 2 | C71: Організація заходів та майстер-класів, спрямованих на збереження культурних сімейних традицій і ціностей | D71: Протягом року | E71: Відділ сім’ї, молоді, медицини, спорту та заходів національно- патріотичного виховання Святогірської міської ради | F71: 5 | H71: 0 | J71: 0 | L71: 5 | N71: 0 | P71: 0 | R71: Кількість заходів | S71: 10
A72: Інші завдання: Запобігання та протидія домашньому насильству | B72: 3 | C72: Підвищення рівня проінформованості населення про форми, прояви, причини і наслідки домашнього насильства розуміння природи домашнього насильства | D72: Протягом року | E72: Відділ сім’ї, молоді, медицини, спорту та заходів національно- патріотичного виховання Святогірської міської ради | F72: 0 | H72: 0 | J72: 0 | L72: 0 | N72: 0 | P72: 0 | R72: Кількість учасників | S72: 50
B73: 4 | C73: Проведення інформаційно-просвітницьких заходів з питань запобігання та протидії домашньому насильству та насильства за ознакою статі, зокрема проведення заходів присвячених Міжнародній акції «16 днів проти насильства» | D73: Протягом року | E73: Відділ сім’ї, молоді, медицини, спорту та заходів національно- патріотичного виховання Святогірської міської ради | F73: 0 | H73: 0 | J73: 0 | L73: 0 | N73: 0 | P73: 0 | R73: Кількість заходів | S73: 5
A74: Інші завдання: План діій з виконання резолюції Ради Безпеки ООН 1325 "Жінки, мир, безпека" на період до 2025 року в Донецькій області | B74: 5 | C74: Залучення до тренінгів з теорії і практики встановлення миру, примирення та участі у миротворчих процесах для жінок, які залучаються до проведення безпосередніх заходів врегулювання конфліктних та кризових ситуацій, участі у складі миротворчого персоналу та контингенту, переговорних процесів тощо | D74: Протягом року | E74: Відділ сім’ї, молоді, медицини, спорту та заходів національно- патріотичного виховання Святогірської міської ради | F74: 0 | H74: 0 | J74: 0 | L74: 0 | N74: 0 | P74: 0 | R74: Проведення навчання | S74: 5
B75: 6 | C75: Організація інформаційно-просвітницьких заходів на території громади з метою підвищення рівня інформованості населення щодо гендерної рівності, запобігання насильству в сім’ї та протидії гендерному насильству | D75: Протягом року | E75: Відділ сім’ї, молоді, медицини, спорту та заходів національно- патріотичного виховання Святогірської міської ради | F75: 1 | H75: 0 | J75: 0 | L75: 1 | N75: 0 | P75: 0 | R75: Кількість заходів | S75: 5
A76: Інше завдання: Заберпечення рівних прав та можливостей жінок і чоловіків | B76: 7 | C76: Організація заходів із залученням жінок на всіх етапах розбудови громади (Запобігання та боротьба з насильством щодо жінок, рівна участь жінок та чоловіків у прийнятті політичних та громадських рішень, боротьба з гендерними стереотипами та гендерною дискримінацією) | D76: Протягом року | E76: Відділ сім’ї, молоді, медицини, спорту та заходів національно- патріотичного виховання Святогірської міської ради | F76: 1 | H76: 0 | J76: 0 | L76: 1 | N76: 0 | P76: 0 | R76: Кількість заходів | S76: 3
A77: Інше завдання: Протидія торгівлі людьми | B77: 8 | C77: Підвищення рівня обізнаності населення щодо проблем торгівлі людьми | D77: Протягом року | E77: Відділ сім’ї, молоді, медицини, спорту та заходів національно- патріотичного виховання Святогірської міської ради | F77: 0 | H77: 0 | J77: 0 | L77: 0 | N77: 0 | P77: 0 | R77: Кількість заходів | S77: 3
A78: Інші завдання: Підвищення рівня компетентності молоді, у тому числі громадянських | B78: 9 | C78: Організація акцій , конкурсів, семінарів - тренінгів, походів та інших заходів, розповсюдження інформаційних матеріалів , розміщення соціальної реклами з метою підвищення рівня громадянських компетентностей, у т.ч. через лідерство /участь у обласних заходах | D78: Протягом року | E78: Відділ сім’ї, молоді, медицини, спорту та заходів національно- патріотичного виховання Святогірської міської ради | F78: 3 | H78: 0 | J78: 0 | L78: 3 | N78: 0 | P78: 0 | R78: Кількість заходів | S78: 3
A79: Інше завдання: Підвищення рівня культури волонтерства серед молоді | B79: 10 | C79: Сприяння навчанню представників організацій, що залучають до своєї діяльності волонтерів та фахівців, що популярізують волонтерську діяльність | D79: Протягом року | E79: Відділ сім’ї, молоді, медицини, спорту та заходів національно- патріотичного виховання Святогірської міської ради | F79: 0 | H79: 0 | J79: 0 | L79: 0 | N79: 0 | P79: 0 | R79: Навчання | S79: 2
A80: Інше завдання: Активізація залучення молоді до процесів прийняиття рішень | B80: 11 | C80: Зустрічі молоді з представниками органів влади різних рівнів, БФ, ГО, волонтерами для обговорення проблем розвитку громади. | D80: Протягом року | E80: Відділ сім’ї, молоді, медицини, спорту та заходів національно- патріотичного виховання Святогірської міської ради | F80: =SUM(H80+J80+L80+N80+P80) -> 0 | H80: 0 | J80: 0 | L80: 0 | N80: 0 | P80: 0 | R80: Кількість заходів | S80: 8
A81: Інше завдання: Зміцнення соціальної згрунтованості молоді (мобільність молоді) | B81: 12 | C81: Сприяти участі молоді громади у Всеукраїнських та міжнародних заходах у сфері реалізації молодіжної політики | D81: Протягом року | E81: Відділ сім’ї, молоді, медицини, спорту та заходів національно- патріотичного виховання Святогірської міської ради | F81: 7 | H81: 0 | J81: 0 | L81: 7 | N81: 0 | P81: 0 | R81: Кількість осіб | S81: 14
A82: Інше завдання: Реалізація програм для підготовки фахівців , які працюють з молоддю, у томуц чмслі за програмою "Молодіжний працівник" | B82: 13 | C82: Сприяти участі у семінарах, тренінгах, форумах та інших заходах в рамках програми "Молодіжний працівник" із залученням представників молодіжних громадських організацій | D82: Протягом року | E82: Відділ сім’ї, молоді, медицини, спорту та заходів національно- патріотичного виховання Святогірської міської ради | F82: =H82+J82+L82+N82+P82 -> 1 | H82: 0 | J82: 0 | L82: 0 | N82: 0 | P82: 1 | R82: Кількість осіб | S82: 10
A83: Інше завдання: Сприяння створенню умов для розвитку спроможності інститутів громадянського суспільства у сфері реалізації молодіжної політики | B83: 14 | C83: Організація роботи з розповсюдження інформаційних та методичних матеріалів, розміщення соціальних роліків та реклами з метою інформаційного забезпечення державної політики у молодіжній сфері та комунікація молоді у межах регіону | D83: Протягом року | E83: Відділ сім’ї, молоді, медицини, спорту та заходів національно- патріотичного виховання Святогірської міської ради | F83: 0 | H83: 0 | J83: 0 | L83: 0 | N83: 0 | P83: 0 | R83: Кількість роліків, реклами тощо | S83: 3
A84: Інше завдання: Здійснення експертно- аналітичних, організаційних, впроваджувальних і підсумкових оціночних заходів у сфері реалізації молодіжної політики | B84: 15 | C84: Організація роботи з аналізу інформаційно- аналітичних та наукових документів, зхдійснення щорічних опитувань молоді громади | D84: Протягом року | E84: Відділ сім’ї, молоді, медицини, спорту та заходів національно- патріотичного виховання Святогірської міської ради | F84: 0 | H84: 0 | J84: 0 | L84: 0 | N84: 0 | P84: 0 | R84: Кількість опитувань | S84: 1
A85: Інше завдання: Формування української громадянської ідентичності | B85: 16 | C85: Організація заходів з формування української громадянської ідентичності: висвітлення місцевими засобами масової інформації радіопередач , публікацій та соціальної реклами, проведення акцій, семінарів, "круглих столів", тематичних зустрічів із залученням участників АТО та ООС, учасників Революції Гідності | D85: Протягом року | E85: Відділ сім’ї, молоді, медицини, спорту та заходів національно- патріотичного виховання Святогірської міської ради | F85: 5 | H85: 0 | J85: 0 | L85: 5 | N85: 0 | P85: 0 | R85: Кількість заходів | S85: 3
A86: інше завдання: Співпраця з інститутами громадянського суспільства у сфері національно- патріотичного виховання | B86: 17 | C86: Підтримка громадських організацій, що опікуються питаннями молодіжної політики, залучення до співпраці та проведення масових заходів у сфері національно-патріотичного виховання громадські організації, молодіжну раду, волонтерів | D86: Протягом року | E86: Відділ сім’ї, молоді, медицини, спорту та заходів національно- патріотичного виховання Святогірської міської ради | F86: 0 | H86: 0 | J86: 0 | L86: 0 | N86: 0 | P86: 0 | R86: Кількість заходів | S86: 3
A87: Інше завдання: Військово- патріотичне виховання | B87: 18 | C87: Проведення та залучення до заходів з учасниками АТО та ООС, спрямованих на збільшення чисельності молоді, що готова до виконання обо'вязку із захисту незалежності та територіальної цілісності України | D87: Протягом року | E87: Відділ сім’ї, молоді, медицини, спорту та заходів національно- патріотичного виховання Святогірської міської ради | F87: 0 | H87: 0 | J87: 0 | L87: 0 | N87: 0 | P87: 0 | R87: Кількість заходів | S87: 10
B88: 19 | C88: Залучати до навчальних семінарів, конференцій, «круглих столів», тематичних уроків, лекцій, виховних годин, бесід, диспутів, інформаційних марафонів та інших заходів для учнів закладів освіти з питань євроатлантичної інтеграції України. | D88: Протягом року | E88: Відділ сім’ї, молоді, медицини, спорту та заходів національно- патріотичного виховання Святогірської міської ради | F88: 0 | H88: 0 | J88: 0 | L88: 0 | N88: 0 | P88: 0 | R88: Кількість осіб | S88: 3
A89: Інше завдання: Організаційно- методична та інформайійно- просвітницька робота у сфері національно- патріотичного виховання | B89: 20 | C89: Інформаційно- просвітницька робота, спрямована на виховання у громадян шанобливого ставлення до державних та національних символів України; висвітлення у засобах масової інформації історії подій українського народу | D89: Протягом року | E89: Відділ сім’ї, молоді, медицини, спорту та заходів національно- патріотичного виховання Святогірської міської ради | F89: =H89+J89+L89+N89+P89 -> 5 | H89: 0 | J89: 0 | L89: 5 | N89: 0 | P89: 0 | R89: Кількість заходів | S89: 10
C90: Всього | F90: =SUM(F70:F89) -> 30 | G90: =SUM(G70:G89) -> 0 | H90: =SUM(H70:H89) -> 0 | I90: =SUM(I70:I89) -> 0 | J90: =SUM(J70:J89) -> 0 | K90: =SUM(K70:K89) -> 0 | L90: =SUM(L70:L89) -> 29 | M90: =SUM(M70:M89) -> 0 | ... Q90: =SUM(Q70:Q89) -> 0
A91: 2.9. Охорона здоров'я
A92: Інше завдання: Забезпечити профілактику та лікування ВІЛ-інфекції та СНІД | B92: 1 | C92: Забезпечення вільного доступу населення до безоплатного консультування та тестування на ВІЛ ІФА | D92: Протягом року | E92: Відділ сім’ї, молоді, медицини, спорту та заходів національно- патріотичного виховання Святогірської міської ради | F92: 5.1 | H92: 0 | J92: 0 | L92: 5.1 | N92: 0 | P92: 0 | R92: Кількість швидких тестів | S92: 30
A93: 2.2.1. Підвищення якості і загальної доступності медичних послуг у містах та сільській місцевості | B93: 2 | C93: Проведення імунопрофілактики населення проти вакцино керованих інфекцій (анатоксин правцевий , протиправцева сироватка, вакцина проти грипу , імуноглобулін людини нормальний розчин для ін'єкцій ( кір ) - (група ризику ) | D93: Протягом року | E93: Відділ сім’ї, молоді, медицини, спорту та заходів національно- патріотичного виховання Святогірської міської ради , КНП Слов'янської міської ради "Центр первинної медико-санітарної допомоги міста Слов'янськ" | F93: 5.9 | H93: 0 | J93: 0 | L93: 5.9 | N93: 0 | P93: 0 | R93: Кількість осіб | S93: 40
B94: 3 | C94: Забезпечення заходів, спрямованих на запобігання виникненню і поширенню інфекційних захворювань, спалахів та епідемій коронавірусної хвороби | D94: Протягом року | E94: Відділ сім’ї, молоді, медицини, спорту та заходів національно- патріотичного виховання Святогірської міської ради , КНП Слов'янської міської ради "Центр первинної медико-санітарної допомоги міста Слов'янськ" | F94: 150.5 | H94: 0 | J94: 0 | L94: 150.5 | N94: 0 | P94: 0 | R94: Кількість відвідувань | S94: 650
B95: 4 | C95: Забезпечення онкохворих безкоштовними лікарськими засобами за рецептами лікарів | D95: Протягом року | E95: Відділ сім’ї, молоді, медицини, спорту та заходів національно- патріотичного виховання Святогірської міської ради , КНП Слов'янської міської ради "Центр первинної медико-санітарної допомоги міста Слов'янськ" | F95: 72.5 | H95: 0 | J95: 0 | L95: 72.5 | N95: 0 | P95: 0 | R95: Кількість осіб | S95: 1
B96: 5 | C96: Забезпечення профілактики, своєчасного виявлення, обстеження та лікування серцево-судинних та судинно-мозкових захворювань громадян із встановленими факторами ризику | D96: Протягом року | E96: Відділ сім’ї, молоді, медицини, спорту та заходів національно- патріотичного виховання Святогірської міської ради , КНП Слов'янської міської ради "Центр первинної медико-санітарної допомоги міста Слов'янськ" | F96: 5.5 | H96: 0 | J96: 0 | L96: 5.5 | N96: 0 | P96: 0 | R96: Кількість осіб | S96: 240
B97: 6 | C97: Забезпечення пільгової категорії населення виробами медичного призначення | D97: Протягом року | E97: Відділ сім’ї, молоді, медицини, спорту та заходів національно- патріотичного виховання Святогірської міської ради , КНП Слов'янської міської ради "Центр первинної медико-санітарної допомоги міста Слов'янськ" | F97: 8 | H97: 0 | J97: 0 | L97: 8 | N97: 0 | P97: 0 | R97: Кількість осіб | S97: 1
B98: 7 | C98: Забезпечення впровадження програм профілактики та скринінгу раку молочної залози та раку шійки матки на рівні первинної ланки надання медико-санітарної допомоги | D98: Протягом року | E98: Відділ сім’ї, молоді, медицини, спорту та заходів національно- патріотичного виховання Святогірської міської ради , КНП Слов'янської міської ради "Центр первинної медико-санітарної допомоги міста Слов'янськ" | F98: 36 | H98: 0 | J98: 0 | L98: 36 | N98: 0 | P98: 0 | R98: Кількість осіб | S98: 80
B99: 8 | C99: Забезпечення хворих на туберкульоз соціальною підтримкою (видача соціальних пайків, що містять продукти харчування і засоби особистої гігієни) при амбулаторному лікування | D99: Протягом року | E99: Відділ сім’ї, молоді, медицини, спорту та заходів національно- патріотичного виховання Святогірської міської ради и, КНП "Центр первинної медико-санітарної допомоги" Миколаївської міської ради | F99: 4.8 | H99: 0 | J99: 0 | L99: 4.8 | N99: 0 | P99: 0 | R99: Кількість хворих | S99: 1
B100: 9 | C100: Проведення імунопрофілактики населення проти вакцино керованих інфекцій (анатоксин правцевий , протиправцева сироватка, вакцина проти грипу , імуноглобулін людини нормальний розчин для ін'єкцій ( кір ) - (група ризику ) | D100: Протягом року | E100: Відділ сім’ї, молоді, медицини, спорту та заходів національно- патріотичного виховання Святогірської міської ради , КНП "Центр первинної медико-санітарної допомоги" Миколаївської міської ради | F100: 8.5 | H100: 0 | J100: 0 | L100: 8.5 | N100: 0 | P100: 0 | R100: Кількість осіб | S100: 14
...

Sheet Фінансове забезпечення
B2: 3. ДЖЕРЕЛА ТА ОБСЯГИ ФІНАНСУВАННЯ ПРОГРАМИ У 2025 РОЦІ
B3: 3.1 Фінансове забезпечення заходів Програми
N4: тис. грн.
A6: № розділу | B6: Напрями реалізації заходів | C6: Кількість заходів | D6: Витрати на реалізацію
D7: Всього | F7: у тому числі за рахунок коштів:
F8: Державного бюджету | H8: місцевих бюджетів | L8: підприємств | N8: інших джерел
H9: обласного бюджету | J9: бюджету територіальної громади
D10: ПЛАН | E10: ФАКТ | F10: ПЛАН | G10: ФАКТ | H10: ПЛАН | I10: ФАКТ | J10: ПЛАН | K10: ФАКТ | L10: ПЛАН | M10: ФАКТ | N10: ПЛАН | O10: ФАКТ
B11: 1 | C11: 2 | D11: 3 | E11: 4 | F11: 5 | G11: 6 | H11: 7 | I11: 8 | J11: 9 | K11: 10 | L11: 11 | M11: 12 | N11: 13 | O11: 14
A12: .2.1 | B12: Агропромисловий комплекс | C12: 3 | D12: =заходи!F14 -> 0 | F12: =SUM(заходи!H14) -> 0 | H12: =заходи!J14 -> 0 | J12: =заходи!L14 -> 0 | L12: =заходи!N14 -> 0 | N12: =заходи!P14 -> 0
A13: .2.2 | B13: Розвиток земельних відносин | C13: 2 | D13: =заходи!F18 -> 200 | E13: =заходи!G18 -> 80 | F13: =заходи!H18 -> 0 | H13: =заходи!J18 -> 0 | J13: =заходи!L18 -> 100 | K13: =заходи!M18 -> 20 | L13: =заходи!N18 -> 0 | N13: =заходи!P18 -> 100 | O13: =заходи!Q18 -> 60
A14: .2.3 | B14: Інвестиційна діяльність та розвиток інфраструктури | C14: 6 | D14: =заходи!F26 -> 289.1 | E14: =заходи!G26 -> 261 | F14: =заходи!H26 -> 0 | H14: =заходи!J26 -> 0 | J14: =заходи!L26 -> 289.1 | K14: =заходи!M26 -> 261 | L14: =заходи!N26 -> 0 | N14: =заходи!P26 -> 0
A15: .2.4 | B15: Розвиток інформаційного простору. Забезпечення доступу до неупереджених джерел інформації | C15: 5 | D15: =заходи!F33 -> 10 | F15: =заходи!H33 -> 0 | H15: =заходи!J33 -> 0 | J15: =заходи!L33 -> 10 | L15: =заходи!N33 -> 0 | N15: =заходи!P33 -> 0
A16: .2.5 | B16: Ринок праці. Зайнятість населення | C16: 13 | D16: =заходи!F34 -> 0 | F16: =заходи!H34 -> 0 | H16: =заходи!J34 -> 0 | J16: =заходи!L34 -> 0 | L16: =заходи!N34 -> 0 | N16: =заходи!P34 -> 0
A17: .2.6. | B17: Дорожньо-транспортний комплекс | C17: 2 | D17: =заходи!F53 -> 13200 | E17: =заходи!G53 -> 6937.097 | F17: =заходи!H53 -> 0 | H17: =заходи!J53 -> 11200 | I17: =заходи!K53 -> 0 | J17: =заходи!L53 -> 2000 | K17: =заходи!M53 -> 6937.097 | L17: =заходи!N53 -> 0 | N17: =заходи!P53 -> 0
A18: .2.7. | B18: Освіта | C18: 12 | D18: =заходи!F68 -> 3004 | E18: =заходи!G68 -> 1335.3 | F18: =заходи!H68 -> 0 | H18: =заходи!J68 -> 0 | J18: =заходи!L68 -> 3004 | K18: =заходи!M68 -> 1335.3 | L18: =заходи!N68 -> 0 | N18: =заходи!P68 -> 0
A19: .2.8. | B19: Підтримка сім'ї, дітей та молоді | C19: 20 | D19: =заходи!F90 -> 30 | F19: =заходи!H90 -> 0 | H19: =заходи!J90 -> 0 | J19: =заходи!L90 -> 29 | L19: =заходи!N90 -> 0 | N19: =заходи!P90 -> 1
A20: .2.9. | B20: Охорона здоров'я | C20: 22 | D20: =заходи!F114 -> 3122.75 | E20: =заходи!G114 -> 2192.704 | F20: =заходи!H114 -> 0 | H20: =заходи!J114 -> 0 | J20: =заходи!L114 -> 3122.75 | K20: =заходи!M114 -> 2192.704 | L20: =заходи!N114 -> 0 | N20: =заходи!P114 -> 0
A21: .2.10 | B21: Фізичне виховання та спорт | C21: 2 | D21: =заходи!F118 -> 0 | F21: =заходи!H118 -> 0 | H21: =заходи!J118 -> 0 | J21: =заходи!L118 -> 0 | L21: =заходи!N118 -> 0 | N21: =заходи!P118 -> 0
A22: .2.11. | B22: Культура і туризм | C22: 9 | D22: =заходи!F129 -> 990 | E22: =заходи!G129 -> 165.745 | F22: =заходи!H129 -> 0 | H22: =заходи!J129 -> 0 | J22: =заходи!L129 -> 990 | K22: =заходи!M129 -> 140.8 | L22: =заходи!N129 -> 0 | N22: =заходи!P129 -> 0 | O22: =заходи!Q129 -> 24.945
A23: .2.12. | B23: Захист населення і території від надзвичайних ситуацій | C23: 20 | D23: =заходи!F153 -> 12861.5 | E23: =заходи!G153 -> 3403.33 | F23: =заходи!H153 -> 0 | H23: =заходи!J153 -> 0 | J23: =заходи!L153 -> 12861.5 | K23: =заходи!M153 -> 3403.33 | L23: =заходи!N153 -> 0 | N23: =заходи!P153 -> 0
A24: .2.13. | B24: Соціальний захист населення | C24: 17 | D24: =заходи!F185 -> 4970.6 | E24: =заходи!G185 -> 4013.717 | F24: =заходи!H185 -> 0 | H24: =заходи!J185 -> 0 | I24: =заходи!K185 -> 167.883 | J24: =заходи!L185 -> 4970.6 | K24: =заходи!M185 -> 3845.834 | L24: =заходи!N185 -> 0 | N24: =заходи!P185 -> 0
A25: .2.14. | B25: Житлове господарство та комунальна інфраструктура | C25: 23 | D25: =заходи!F210 -> 31420.109 | E25: =заходи!G210 -> 24571.232 | F25: =заходи!H210 -> 0 | H25: =заходи!J210 -> 0 | J25: =заходи!L210 -> 28825.452 | K25: =заходи!M210 -> 24571.232 | L25: =заходи!N210 -> 0 | N25: =заходи!P210 -> 2594.657
A26: .2.15. | B26: Заходи, пов’язані з наслідками військової агресії Російської Федерації проти України на території Донецької області. Підтримка внутрішньо переміщених осіб | C26: 14 | D26: =заходи!F236 -> 3557.103 | E26: =заходи!G236 -> 1471.143 | F26: =заходи!H236 -> 0 | H26: =заходи!J236 -> 0 | I26: =заходи!K236 -> 20 | J26: =заходи!L236 -> 3557.103 | K26: =заходи!M236 -> 1451.143 | L26: =заходи!N236 -> 0 | N26: =заходи!P236 -> 0
A27: .2.16. | B27: Впровадження заходів територіального планування | C27: 2 | D27: =заходи!F240 -> 70 | E27: =заходи!G237 -> 0 | F27: =заходи!H240 -> 0 | H27: =заходи!J240 -> 0 | J27: =заходи!L240 -> 70 | L27: =заходи!N240 -> 0 | N27: =заходи!P240 -> 0
A28: .2.17. | B28: Охорона навколишнього природного середовища | C28: 2 | D28: =заходи!F245 -> 8946.41 | E28: =заходи!G245 -> 6299.82 | F28: =заходи!H245 -> 0 | H28: =заходи!J245 -> 5920.71 | J28: =заходи!L245 -> 2925.7 | K28: =заходи!M244 -> 6299.82 | L28: =заходи!N245 -> 0 | N28: =заходи!P245 -> 100
B29: РАЗОМ | C29: =SUM(C12:C28) -> 174 | D29: =SUM(D12:D28) -> 82671.572 | E29: =SUM(E12:E28) -> 50731.088 | F29: =SUM(F12:F28) -> 0 | G29: =SUM(G12:G28) -> 0 | H29: =SUM(H12:H28) -> 17120.71 | I29: =SUM(I12:I28) -> 187.883 | J29: =SUM(J12:J28) -> 62755.205 | ... O29: =SUM(O12:O28) -> 84.945
